 Dungeon Crawl Stone Soup version 0.27-a0-1332-g84bddb5ca7 (webtiles) character file.

Game seed: 11382379517845245833

31 sanka the Insei (level 3, 0/30 HPs)
             Began as a Djinni Monk on June 25, 2021.
             Slain by Jessica (4 damage)
             ... on level 2 of the Dungeon.
             The game lasted 00:01:42 (1524 turns).

sanka the Insei (Djinni Monk)                       Turns: 1524, Time: 00:01:43

Health: 0/30       AC:  2    Str: 10    XL:     3   Next: 40%
Gold:   63         EV: 13    Int: 12    God:
                   SH:  0    Dex: 15

rFire    + + .     SeeInvis .     - Unarmed
rCold    x . .     Faith    .   (no shield)
rNeg     . . .     Spirit   .   a - +0 robe
rPois    ∞         Reflect  .   (no helmet)
rElec    .         Harm     .   (no cloak)
rCorr    .         Rampage  .   (no gloves)
Will     .....                  (boots unavailable)
Stlth    ++........             (no amulet)
HPRegen  0.10/turn              (no ring)
MPRegen  0.00/turn              (no ring)

@: flying, very slightly contaminated
A: sickness immunity, fire resistance 2, cold vulnerability 1, float, innate
caster, hp casting, extra vitality 1
a: no special abilities


You were on level 2 of the Dungeon.
You visited 1 branch of the dungeon, and saw 2 of its levels.

You collected 63 gold pieces.


Innate Abilities, Weirdness & Mutations

You are immune to sickness and miasma.
You are immune to poison.
Your flesh is very heat resistant. (rF++)
You are vulnerable to cold. (rC-)
You float through the air rather than walking.
You learn spells naturally, not from books.
Your magical power is your life essence.
You have superior vitality. (+4 HP)


   Skills:
 - Level 3.0 Fighting
 - Level 3.2 Dodging
 - Level 1.5 Stealth
 - Level 4.1 Unarmed Combat
 + Level 0.4 Spellcasting


You had one spell level left.
You knew the following spells:

 Your Spells              Type           Power      Damage    Failure   Level
z - Sandblast             Erth           2%         2d4       26%         1
Your spell library was empty.

Inventory:

Missiles
 c - 45 stones (quivered)
Armour
 a - a +0 robe (worn)
Scrolls
 f - a scroll of teleportation {unknown}
 h - a scroll of summoning {unknown}
Potions
 b - a potion of lignification {unknown}
 d - a potion of flight {unknown}
 e - a potion of resistance {unknown}
 g - a potion of might {unknown}

Dungeon Overview and Level Annotations

Branches:
Dungeon (2/15)

Altars:

Annotations:
D:2 Jessica

▒.▒▒▒.▒.▒▒▒▒.▒.........
..........▒....▒..▒▒▒▒.▒▒.
.............▒.▒..... ... !
▒.▒▒▒▒▒.▒.▒..▒.▒...▒▒▒.. ..
▒.▒..........▒.▒@......▒...
..▒.▒...▒▒▒.▒▒^▒▒▒.▒.....
▒.▒.▒...▒ ▒.▒▒.▒...▒...
▒.▒.▒..)▒▒▒.▒▒.▒.▒▒▒.▒.
▒.▒.▒...........R@.g.▒
▒.▒.▒.▒....▒▒▒.▒...▒.▒
▒.▒.▒.▒▒.▒▒▒▒▒.▒.▒▒▒.▒
▒.▒.▒.▒▒..>....▒.▒ .▒
▒.▒.▒.▒▒▒▒▒▒▒▒▒▒▒▒ .▒
▒.▒.▒.....▒ .. ▒<▒.▒▒▒▒▒.▒
▒▒ ▒▒▒.......▒ ▒▒▒▒▒▒▒.▒


You could see Jessica (fast) and a hobgoblin.


Message History

Aim: Jessica, wielding a +0 dagger and wearing a +0 robe (fast, 78% to hit)
The blast of sand hits Jessica.
Jessica is moderately wounded.
c - 46 stones
* * * LOW HITPOINT WARNING * * *
Jessica hits you with a +0 dagger.
* * * LOW HITPOINT WARNING * * *
Jessica barely misses you.
Unknown command.
Aiming: Sandblast (safe; 26% risk of failure)
Aim: Jessica, wielding a +0 dagger and wearing a +0 robe (moderately wounded, fast, 78% to hit)
You miscast Sandblast.
You are very lightly contaminated with residual magic.
Nothing appears to happen.
* * * LOW HITPOINT WARNING * * *
Jessica hits you with a +0 dagger.
* * * LOW HITPOINT WARNING * * *
Unknown command.
Aiming: Sandblast (safe; 26% risk of failure)
Aim: Jessica, wielding a +0 dagger and wearing a +0 robe (moderately wounded, fast, 78% to hit)
The blast of sand hits Jessica but does no damage.
Jessica is moderately wounded.
c - 45 stones
* * * LOW HITPOINT WARNING * * *
Jessica closely misses you.
Jessica points at you and mumbles some strange words.
You barely resist.
Unknown command.
Jessica hits you with a +0 dagger.
You die...

Action                   || total
-------------------------++-------
Melee: Unarmed           ||    88
       Punch             ||     2
 Cast: Sandblast         ||     2
 Stab: Sleeping          ||     4
Armor: Robe              ||    15
Dodge: Dodged            ||    59

Levels and vault maps discovered:
D:1:      minmay_arrival_diagonal_passages, layout_basic,
          basic_ecumenical_altar, minmay_misc_feat_x
D:2:      layout_basic, minmay_split_cup_small, uniq_jessica

Notes
Turn   | Place    | Note
-------+----------+-------------------------------------------
     0 | D:1      | sanka the Djinni Monk began the quest for the Orb.
     0 | D:1      | Reached XP level 1. HP: 20/20 MP: 0/0
     8 | D:1      | Found a faded altar of an unknown god.
   239 | D:1      | Reached XP level 2. HP: 21/25 MP: 0/0
   876 | D:1      | Reached skill level 4 in Unarmed Combat
   876 | D:1      | Reached XP level 3. HP: 25/30 MP: 0/0
   876 | D:1      | Learned a level 1 spell: Sandblast
  1430 | D:2      | Noticed Jessica
  1524 | D:2      | Slain by Jessica

Vanquished Creatures
  A dart slug (D:2)
  A ball python (D:1)
  3 bats (D:1)
  3 endoplasms
  2 giant cockroaches (D:1)
  4 goblins (D:1)
  2 hobgoblins
  2 jackals (D:1)
  A frilled lizard (D:1)
  3 kobolds
  2 rats (D:1)
24 creatures vanquished.
